 Dungeon Crawl Stone Soup version 0.20.1-1-g8b1a95d (console) character file.

52 hilaritas the Chiller (level 3, 0/19 HPs)
             Began as a Deep Elf Ice Elementalist on Aug 27, 2017.
             Killed from afar by a dart slug (7 damage)
             ... with a slug dart
             ... on level 2 of the Dungeon.
             The game lasted 00:04:12 (1316 turns).

hilaritas the Chiller (Deep Elf Ice Elementalist)   Turns: 1316, Time: 00:04:12

Health: 0/19       AC:  2    Str:  6    XL:     3   Next: 60%
Magic:  4/9        EV: 13    Int: 19    God:
Gold:   25         SH:  0    Dex: 15    Spells: 5/8 levels left

rFire    . . .     SeeInvis .   m - +0 short sword
rCold    . . .     Gourm    .   (no shield)
rNeg     . . .     Faith    .   a - +0 robe
rPois    .         Spirit   .   (no helmet)
rElec    .         Reflect  .   (no cloak)
rCorr    .         Harm     .   (no gloves)
MR       .....                  (no boots)
Stlth    ++........             (no amulet)
Regen    0.1/turn               (no ring)
MPRegen  0.2/turn               (no ring)

@: no status effects
A: no striking features
a: no special abilities


You were on level 2 of the Dungeon.
You were not hungry.

You visited 1 branch of the dungeon, and saw 2 of its levels.

You collected 25 gold pieces.

Inventory:

Hand Weapons
 m - a +0 short sword (weapon)
Missiles
 j - 2 tomahawks (quivered)
 p - 78 stones
 t - 10 arrows
Armour
 a - a +0 robe (worn)
Jewellery
 d - a cursed amulet of inaccuracy {unknown}
 h - an uncursed ring of magical power {unknown}
Scrolls
 e - 3 scrolls of identify {unknown}
 i - a scroll of remove curse {unknown}
 l - a scroll of blinking {unknown}
 o - a scroll of magic mapping {unknown}
 r - a scroll of teleportation {unknown}
Potions
 g - a potion of ambrosia {unknown}
 k - 2 potions of might {unknown}
 n - a potion of invisibility {unknown}
 q - a potion of flight {unknown}
Books
 b - a book of Frost

   Spells                             Type                      Level
   a - Freeze                         Ice                          1
   b - Throw Frost                    Conjuration/Ice              2
   c - Ozocubu's Armour               Charms/Ice                   3
   d - Throw Icicle                   Conjuration/Ice              4
   e - Summon Ice Beast               Ice/Summoning                4
Comestibles
 c - a bread ration
 s - 2 royal jellies


   Skills:
 - Level 2.4 Dodging
 - Level 2.4 Stealth
 - Level 3.0 Spellcasting
 * Level 2.1 Conjurations
 + Level 4.7 Ice Magic


You had 5 spell levels left.
You knew the following spells:

 Your Spells              Type           Power        Failure   Level  Hunger
a - Freeze                Ice            ###.         2%          1    None
b - Throw Frost           Conj/Ice       ###...       5%          2    ##.....


Dungeon Overview and Level Annotations

Branches:
Dungeon (2/15)

Altars:
Trog


Message History

The worm is heavily wounded.
Casting: Freeze
Confirm with . or Enter, or press ? or * to list all spells.
Aiming: Freeze
Press: ? - help, Shift-Dir - straight line, f/p - worm
Aim: a worm (heavily wounded)
You freeze the worm.
The worm is severely wounded.
The worm bites you.
Casting: Freeze
Confirm with . or Enter, or press ? or * to list all spells.
Aiming: Freeze
Press: ? - help, Shift-Dir - straight line, f/p - worm
Aim: a worm (severely wounded)
You freeze the worm.
You kill the worm!
There is a stone staircase leading down here.
The dart slug launches a dart at you. The slug dart hits you!
You die...

..#.### ..... ..... ...
... #.# #w# #@####...
#>....... #.####...
######.##.....
#.............
#.............
#...........(.
#.............
###########........#####


You could see a dart slug.

Vanquished Creatures
  2 adders (D:2)
  A worm (D:2)
  7 bats
  2 giant cockroaches (D:1)
  2 goblins
  8 hobgoblins
  A ball python (D:1)
  2 frilled lizards
  3 kobolds
  3 rats
31 creatures vanquished.

Notes
Turn   | Place    | Note
-------+----------+-------------------------------------------
     0 | D:1      | hilaritas the Deep Elf Ice Elementalist began the quest for the Orb.
     0 | D:1      | Reached XP level 1. HP: 10/10 MP: 6/6
   325 | D:1      | Reached XP level 2. HP: 14/15 MP: 5/8
   332 | D:1      | Learned a level 2 spell: Throw Frost
   339 | D:1      | Reached skill level 4 in Ice Magic
   906 | D:2      | Reached XP level 3. HP: 13/19 MP: 4/9
  1085 | D:2      | Found a bloodstained altar of Trog.
  1316 | D:2      | Killed from afar by a dart slug

Skill      XL: |  1  2  3 |
---------------+----------+-----
Ice Magic      | 4 |  4.7
Conjurations   | 2 |  2.1
Dodging        | |  2.4
Stealth        | |  2.4
Spellcasting   | |  3.0

Action                   || total
-------------------------++-------
Melee: Unarmed           ||     2
       Short sword       ||     1
 Cast: Freeze            ||    47
  Eat: Chunk             ||     1
Armor: Robe              ||    11
Dodge: Dodged            ||    28
